 Dungeon Crawl Stone Soup version 0.24.0-2-g5b39cebb1c (webtiles) character file.

Game seed: 4673441406816241792, levelgen mode: deterministic

100 pappabj0rn the Skirmisher (level 4, -1/41 HPs)
             Began as a Hill Orc Fighter on Oct 31, 2019.
             Killed by divine providence
             ... invoked by an orc priest
              (9 damage)
             ... on level 3 of the Dungeon.
             The game lasted 00:11:50 (2517 turns).

pappabj0rn the Skirmisher (Hill Orc Fighter)        Turns: 2517, Time: 00:11:50

Health: -1/41      AC: 11    Str: 19    XL:     4   Next: 74%
Magic:  4/4        EV:  3    Int:  8    God:
Gold:   144        SH:  9    Dex: 10    Spells: 3/3 levels left

rFire    . . .     SeeInvis .   a - +0 long sword
rCold    . . .     Gourm    .   c - +0 shield
rNeg     . . .     Faith    .   o - +0 plate armour
rPois    .         Spirit   .   (no helmet)
rElec    .         Reflect  .   (no cloak)
rCorr    .         Harm     .   (no gloves)
MR       .....                  (no boots)
Stlth    ..........             (no amulet)
HPRegen  0.13/turn              l - ring of fire
MPRegen  0.09/turn              s - ring of ice

@: no status effects
A: no striking features
a: Convert to Beogh


You were on level 3 of the Dungeon.
You were hungry.

You visited 1 branch of the dungeon, and saw 3 of its levels.

You collected 144 gold pieces.

Inventory:

Hand Weapons
 a - a +0 long sword (weapon)
 r - a +0 short sword
Armour
 b - a +0 scale mail
 c - a +0 shield (worn)
 o - a +0 plate armour (worn)
Jewellery
 l - a ring of fire (left hand)
 s - a ring of ice (right hand)
Scrolls
 f - a scroll of enchant armour {unknown}
 h - 3 scrolls of identify {unknown}
 j - 2 scrolls of enchant weapon {unknown}
 k - a scroll of noise {unknown}
 p - a scroll of teleportation {unknown}
Potions
 d - a potion of might
 i - a potion of flight {unknown}
 m - a potion of haste {unknown}
 n - a potion of cancellation {unknown}
 q - a potion of curing
Comestibles
 e - 6 rations
 g - 3 chunks of flesh


   Skills:
 + Level 4.4 Fighting
 + Level 3.2 Long Blades
 + Level 4.0 Armour
 + Level 4.1 Shields


You had 3 spell levels left.
You didn't know any spells.
Your spell library was empty.

Dungeon Overview and Level Annotations

Branches:
Dungeon (3/15)

Altars:


Message History

Something hits you but does no damage.
There are monsters nearby!
An orc wizard comes into view. It is wielding a +0 dagger.
The orc wizard shouts!
The orc wizard casts a spell.
The orc wizard seems to speed up.
A puff of flame appears from out of thin air!
The puff of flame hits you.
* * * LOW HITPOINT WARNING * * *
An orc wizard appears from thin air!
Reactivating autopickup.
The jackal bites you but does no damage.
The orc priest looks satisfied for a moment.
You block the jackal's attack.
The orc wizard casts a spell.
The orc wizard flickers and vanishes!
Deactivating autopickup; reactivate with Ctrl-A.
The orc priest invokes the aid of Beogh against you.
Beogh smites you!
You die...

#.# #......# #.#
#....(.########## #.#
##......##.......# #.#
#.......##.......# #.#
#รท......##.......#
###.###.#####.##.......#
#.......# #.##.......#
##......######.##.......###
#.......[.@h..{o.o.........
##......######.##........##
#.......<# #.#.........##
#.......## #+#.#..[....##
#.......# .......#.......
#.......# .....#...######
#.####### ......#...#
##.##### #####.#....
#......#### #.#...#


You could see an orc priest, an orc wizard and a jackal.

Vanquished Creatures
  5 adders
  An ooze (D:2)
  2 dart slugs
  A leopard gecko (D:2)
  An orc (D:3)
  5 goblins
  8 hobgoblins
  6 jackals (D:2)
  4 kobolds
  4 bats
  3 frilled lizards
  5 rats
45 creatures vanquished.

Notes
Turn   | Place    | Note
-------+----------+-------------------------------------------
     0 | D:1      | pappabj0rn the Hill Orc Fighter began the quest for the
                  | Orb.
     0 | D:1      | Reached XP level 1. HP: 19/19 MP: 1/1
   180 | D:1      | Reached XP level 2. HP: 25/27 MP: 2/2
   416 | D:1      | You fall into a shaft and drop 1 floor!
   983 | D:2      | Reached XP level 3. HP: 32/33 MP: 3/3
  1463 | D:2      | Reached XP level 4. HP: 27/40 MP: 4/4
  2517 | D:3      | Killed from afar by an orc priest

Levels and vault maps discovered:
D:1:      lightli_arrival_quake, layout_loops_cross, serial_glass,
          glass_columns_a, glass_columns_a
D:2:      layout_basic
D:3:      layout_basic, nemelex_diamond_rough_becter

Skill      XL: |  1  2  3  4 |
---------------+-------------+-----
Fighting       | 4 |  4.4
Long Blades    | 3 |  3.2
Shields        | 4 |  4.1
Armour         | 4 |  4.0

Action                   |  1- 3 |  4- 6 || total
-------------------------+-------+-------++-------
Melee: Long sword        |   159 |    85 ||   244
  Use: Potion            |     1 |     2 ||     3
  Eat: Chunk             |     2 |     3 ||     5
Armor: Scale mail        |    59 |       ||    59
       Plate armour      |    13 |    80 ||    93
Dodge: Dodged            |    43 |    13 ||    56
Block: Shield            |    99 |    54 ||   153
       Rpst.: Long sword |    18 |     4 ||    22
